 Dungeon Crawl Stone Soup version 0.23-a0-183-gf37f6fb (webtiles) character file.

11778 namelastname112 the Covert (level 11, 0/93 (94) HPs)
             Began as a Pale Draconian Assassin on Sept 22, 2018.
             Was a High Priest of Dithmenos.
             Slain by a slime creature (2 damage)
             ... on level 12 of the Dungeon.
             The game lasted 00:22:04 (12760 turns).

namelastname112 the Covert (DrAs)                  Turns: 12760, Time: 00:22:05

HP:   0/93 (94)     AC: 11    Str: 13    XL:     11   Next: 53%
MP:   3/3           EV: 16    Int: 14    God:    Dithmenos [*****.]
Gold: 595           SH:  0    Dex: 20    Spells: 10/10 levels left

rFire    + . .     SeeInvis .   m - +1 rapier (antimagic)
rCold    + . .     Gourm    .   (no shield)
rNeg     . . .     Faith    +   (armour unavailable)
rPois    .         Spirit   .   (helmet restricted)
rElec    .         Reflect  .   c - +0 cloak
rCorr    .         Harm     .   (no gloves)
MR       .....                  F - +2 pair of boots
Stlth    +++++++...             I - amulet of faith
HPRegen  0.25/turn              h - ring of protection from cold
MPRegen  0.08/turn              K - ring of protection from fire

@: wreathed by umbra, drained
A: breathe steam, unfitting armour, horns 1, agile 2, clever 1, cold-blooded, AC
+7
a: Breathe Steam, Shadow Step, Shadow Form, Renounce Religion


You were on level 12 of the Dungeon.
You worshipped Dithmenos.
Dithmenos was extremely pleased with you.
You were full.

You visited 1 branch of the dungeon, and saw 12 of its levels.

You collected 756 gold pieces.
You spent 161 gold pieces at shops.

Inventory:

Hand Weapons
 a - a +2 dagger
 b - a +1 blowgun
 m - a +1 antimagic rapier (weapon)
Missiles
 d - 85 poisoned needles
 e - 2 curare-tipped needles
Armour
 c - a +0 cloak (worn)
 F - a +2 pair of boots (worn)
Jewellery
 h - a ring of protection from cold (left hand)
 I - an amulet of faith (around neck)
 J - an uncursed ring of flight
 K - a ring of protection from fire (right hand)
Wands
 r - a wand of digging (14)
 t - a wand of iceblast (14)
 x - a wand of acid (6)
 A - a wand of disintegration (31)
 G - a wand of enslavement (7)
 L - a wand of flame (28)
 M - a wand of paralysis (12)
Scrolls
 g - 2 scrolls of blinking
 i - 6 scrolls of teleportation
 k - 8 scrolls of identify
 n - 7 scrolls of remove curse
 u - 2 scrolls of immolation
 y - a scroll of enchant weapon
 B - 4 scrolls of amnesia
 C - 3 scrolls of magic mapping
 E - a scroll of fog
 N - a scroll of brand weapon {unknown}
 O - 3 scrolls of fear
Potions
 j - 6 potions of heal wounds
 l - 3 potions of curing
 o - a potion of agility
 q - a potion of resistance
 s - 3 potions of cancellation
 v - a potion of might
 w - 2 potions of brilliance
 D - a potion of lignification
 H - 2 potions of magic
Miscellaneous
 p - a phial of floods
Comestibles
 f - 20 rations


   Skills:
 + Level 8.0(7.2) Fighting
 * Level 10.1(9.3) Short Blades
 + Level 6.7(5.9) Throwing
 + Level 6.4(5.7) Dodging
 * Level 10.6(9.7) Stealth


You had 10 spell levels left.
You didn't know any spells.
Your spell library contained the following spells:

 Spells                   Type           Power        Failure   Level  Hunger
 Beastly Appendage        Tmut           #.....       28%         1    ##.....
 Summon Small Mammal      Summ           #...         28%         1    ##.....
 Call Imp                 Summ           #.......     41%         2    ###....
 Sticks to Snakes         Tmut           #.......     41%         2    ###....
 Call Canine Familiar     Summ           #.......     65%         3    ####...
 Spider Form              Tmut/Pois      #.........   65%         3    ####...
 Summon Guardian Golem    Hex/Summ       #.......     65%         3    ####...
 Ice Form                 Ice/Tmut       #.......     96%         4    #####..
 Summon Ice Beast         Ice/Summ       #.......     96%         4    #####..
 Summon Lightning Spire   Summ/Air       #.......     96%         4    #####..
 Blade Hands              Tmut           #.........   100%        5    ######.


Dungeon Overview and Level Annotations

Branches:
Dungeon (12/15)            Temple (0/1) D:6            Lair (0/6) D:10
    Orc (0/2) D:12

Altars:
Cheibriados
Dithmenos
Elyvilon
Kikubaaqudgha
Qazlal
Ru
Yredelemnul
Zin
The Shining One

Shops:
D:7 ?   D:9 *   D:11 *   D:12 [

Annotations:
D:7 3 runed doors, CasualChangeling's ghost, novice DrHu


Innate Abilities, Weirdness & Mutations

You can breathe blasts of scalding, opaque steam.
Your pale cyan-grey scales are hard. (AC +7)
You cannot fit into any form of body armour.
You are cold-blooded and may be slowed by cold attacks.
You have a pair of small horns on your head.
You are very agile. (Dex +4)
Your mind is acute. (Int +2)


Message History

You see here an arrow.
You take 22 damage, and have 32/93 hp.
MASSIVE DAMAGE!!
The centaur wields a shortbow.
The centaur shoots an arrow.
The arrow hits you!
* * * LOW HITPOINT WARNING * * *
The centaur barely misses you. The slime creature hits you!
* * * LOW HITPOINT WARNING * * *
The centaur barely misses you.
You see here an arrow.
You take 23 damage, and have 9/93 hp.
MASSIVE DAMAGE!!
You hit the centaur. Your headbutt misses the centaur.
The centaur is lightly wounded.
The slime creature hits you!
* * * LOW HITPOINT WARNING * * *
The slime creature closely misses you. The centaur closely misses you.
The centaur hits you but does no damage.
You take 7 damage, and have 2/93 hp.
You hit the centaur but do no damage.
The centaur is lightly wounded.
The centaur misses you. The slime creature hits you.
You die...

######## .......#
.......+ ##########
.......# #........#
.......# +........#
.......# #.cJJ....#
.......# #..@c)...#
.......# #...c....#
.......# #.....)..#
#'###### #####'#### ..#
#....# .## ####.#
########## #########.##
.........####..........#
.........##............#


You could see 2 slime creatures and 3 centaurs.

Vanquished Creatures
  The ghost of heinrich the Cleaver, a novice FoFi of Makhleb (D:5)
  Pikel (D:7)
  2 manticores
  2 centaur zombies
  2 hornets
  A merfolk (D:9)
  Prince Ribbit (D:8)
  2 trolls
  3 hippogriffs (D:10)
  Grinder (D:6)
  A shadow (D:12)
  A wyvern (D:8)
  3 yaks (D:11)
  A steam dragon (D:10)
  Menkaure (D:6)
  A hungry ghost (D:7)
  2 water moccasins
  3 orc warriors
  A hornet zombie (D:9)
  A black bear (D:7)
  2 sky beasts
  An ice beast (D:12)
  4 slaves (D:7)
  9 centaurs
  2 phantoms
  3 necrophages (D:8)
  7 ogres
  2 big kobolds
  7 bullfrogs
  2 gnoll sergeants
  A wyvern zombie (D:11)
  3 scorpions
  19 killer bees
  3 howler monkeys
  4 wights (D:12)
  8 crimson imps
  3 bullfrog zombies
  2 hounds
  Crazy Yiuf (D:2)
  5 orc priests
  2 bullfrog skeletons
  4 jellies
  4 iguanas
  9 worker ants
  Ijyb (D:4)
  5 orc wizards
  A worker ant zombie (D:10)
  13 gnolls
  14 adders
  5 shadow imps
  7 worms
  2 dart slugs
  4 leopard geckos
  29 orcs
  3 bats
  5 giant cockroaches
  7 goblins
  8 hobgoblins
  6 jackals
  4 quokkas
  A ball python (D:3)
  3 frilled lizards
  21 kobolds
  2 leopard gecko skeletons
  A quokka skeleton (D:4)
  2 rats (D:3)
282 creatures vanquished.

Vanquished Creatures (others)
  An orc wizard (D:6)
1 creature vanquished.

Grand Total: 283 creatures vanquished

Notes
Turn   | Place    | Note
-------+----------+-------------------------------------------
     0 | D:1      | namelastname112 the Draconian Assassin began the quest for
                  | the Orb.
     0 | D:1      | Reached XP level 1. HP: 17/17 MP: 1/1
    62 | D:1      | Reached skill level 1 in Dodging
   142 | D:1      | Reached XP level 2. HP: 19/24 MP: 2/2
   970 | D:2      | Found a runed door.
  1021 | D:2      | Reached XP level 3. HP: 22/30 MP: 3/3
  1069 | D:2      | Found a faded altar of an unknown god.
  1436 | D:2      | Found a basalt altar of Yredelemnul.
  1442 | D:2      | Found a sacrificial altar of Ru.
  1469 | D:2      | Reached XP level 4. HP: 37/37 MP: 4/4
  1624 | D:2      | Found an ancient bone altar of Kikubaaqudgha.
  1633 | D:2      | Found a glowing silver altar of Zin.
  1666 | D:2      | Found a shadowy altar of Dithmenos.
  1798 | D:2      | Noticed Crazy Yiuf
  1811 | D:2      | Killed Crazy Yiuf
  1898 | D:2      | Became a worshipper of Dithmenos the Shadowed
  2092 | D:3      | Reached XP level 5. HP: 36/44 MP: 5/5
  2397 | D:3      | Reached * piety under Dithmenos
  3486 | D:4      | Noticed Ijyb
  3497 | D:4      | Killed Ijyb
  3497 | D:4      | Reached XP level 6. HP: 25/51 MP: 6/6
  3804 | D:4      | Reached ** piety under Dithmenos
  4556 | D:5      | Entered Level 5 of the Dungeon
  5025 | D:5      | Reached skill level 5 in Stealth
  5616 | D:6      | Noticed Grinder
  5641 | D:6      | Your scales start taking on a pale cyan-grey colour.
  5641 | D:6      | Reached XP level 7. HP: 22/57 MP: 7/7
  5646 | D:6      | Killed Grinder
  5898 | D:6      | Noticed heinrich's ghost (novice FoFi)
  5899 | D:6      | Found a large runed door.
  5899 | D:6      | Found a large runed door.
  5959 | D:5      | Killed heinrich's ghost
  5959 | D:5      | Reached skill level 5 in Short Blades
  5959 | D:5      | Reached XP level 8. HP: 18/67 MP: 8/8
  6221 | D:6      | Found a staircase to the Ecumenical Temple.
  6422 | D:6      | Noticed Menkaure
  6428 | D:6      | Killed Menkaure
  6469 | D:7      | Found a white marble altar of Elyvilon.
  6518 | D:7      | Found Xosoesso's Magic Scroll Shoppe.
  6522 | D:7      | Bought a scroll of magic mapping for 35 gold pieces
  6835 | D:7      | Reached skill level 5 in Fighting
  7087 | D:7      | Noticed a manticore
  7090 | D:7      | Killed a manticore
  7090 | D:7      | Reached XP level 9. HP: 72/74 MP: 9/9
  7178 | D:7      | Found a runed gate.
  7178 | D:7      | Found a runed gate.
  7178 | D:7      | Found a runed gate.
  7178 | D:7      | Noticed CasualChangeling's ghost (novice DrHu)
  7464 | D:7      | Noticed Pikel
  7465 | D:7      | Found a glowing golden altar of the Shining One.
  7465 | D:7      | Found a snail-covered altar of Cheibriados.
  7498 | D:7      | Killed Pikel
  7498 | D:7      | Reached skill level 5 in Throwing
  7746 | D:7      | Gained mutation: Scrolls take you a little longer to read.
                  | [potion of mutation]
  7746 | D:7      | Gained mutation: You expend magic power (3 MP) to
                  | strengthen your wands. [potion of mutation]
  7746 | D:7      | Gained mutation: You have a pair of small horns on your
                  | head. [potion of mutation]
  7938 | D:8      | Reached *** piety under Dithmenos
  8202 | D:8      | Reached skill level 5 in Dodging
  8226 | D:8      | Reached XP level 10. HP: 71/82 MP: 10/10
  8521 | D:8      | Noticed Prince Ribbit
  9054 | D:9      | Found Juud Hau's Assorted Antiques.
  9059 | D:9      | Bought a scroll labeled RUS AGADUN for 29 gold pieces
  9278 | D:8      | Killed Prince Ribbit
  9723 | D:9      | Reached **** piety under Dithmenos
 10132 | D:10     | Entered Level 10 of the Dungeon
 10900 | D:10     | Reached XP level 11. HP: 70/91 MP: 11/11
 11045 | D:10     | Found a staircase to the Lair.
 11295 | D:11     | Found Quoffiw's General Store.
 11303 | D:11     | Bought a scroll of blinking for 97 gold pieces
 11405 | D:11     | Reached skill level 10 in Stealth
 11776 | D:11     | Found a stormy altar of Qazlal.
 11897 | D:11     | Reached ***** piety under Dithmenos
 12338 | D:12     | Lost mutation: Scrolls take you a little longer to read.
                  | [potion of mutation]
 12338 | D:12     | Lost mutation: You expend magic power (3 MP) to strengthen
                  | your wands. [potion of mutation]
 12338 | D:12     | Gained mutation: Your mind is acute. (Int +2) [potion of
                  | mutation]
 12338 | D:12     | Gained mutation: You are agile. (Dex +2) [potion of
                  | mutation]
 12338 | D:12     | Gained mutation: You are very agile. (Dex +4) [potion of
                  | mutation]
 12397 | D:12     | Reached skill level 10 in Short Blades
 12472 | D:12     | Found Dets's Armour Shoppe.
 12472 | D:12     | Found a staircase to the Orcish Mines.
 12759 | D:12     | HP: 2/93 [slime creature (8)]
 12760 | D:12     | Slain by a slime creature

Vault maps used:
D:1:      nzn_arrival_settlement, minmay_misc_feat_enclosed, minmay_cupped
D:2:      overflow_temple_1_default, nicolae_overflow_quartered_altars,
          chequers_ecumenical_altar_lobes, nicolae_underground_beach,
          uniq_crazy_yiuf_cottage
D:3:      corexii_shack_village, first_ration
D:4:      corexii_corridor_pit, wad_rectangle_vault, uniq_ijyb
D:6:      minmay_temple_entry_junction_2, ebering_ghost_disaster_area,
          uniq_menkaure, uniq_prince_ribbit1, uniq_grinder
D:7:      grunt_temple_overflow_open, ebering_ghost_rock_garden, serial_shops,
          shop_statue, uniq_pikel
D:9:      serial_shops, nicolae_shop_waterfront, hangedman_fish_farm
D:10:     lair_entry_dummy
D:11:     basic_altar, serial_shops, nicolae_shop_competitors_out_of_business
D:12:     orc_david_3, hangedman_decor_peaks_small

Skill      XL: |  1  2  3  4  5  6  7  8  9 10 11 |
---------------+----------------------------------+-----
Dodging        | 1 2 3 4 5 6 |  6.4
Throwing       | 2 3 4 5 6 |  6.7
Stealth        | 4 5 6 7 8 9 10 | 10.6
Short Blades   | 3 4 5 6 7 9 10 | 10.1
Fighting       | 3 4 5 6 7 8 |  8.0

Action                   |  1- 3 |  4- 6 |  7- 9 | 10-12 || total
-------------------------+-------+-------+-------+-------++-------
Melee: Dagger            |   109 |   371 |   243 |   543 ||  1266
       Tailslap          |    14 |    58 |    45 |    99 ||   216
       Whip              |       |       |    15 |       ||    15
       Headbutt          |       |       |    13 |   130 ||   143
       Rapier            |       |       |       |    52 ||    52
 Fire: Blowgun           |    10 |    16 |       |       ||    26
 Abil: Breathe Steam     |       |       |    11 |    24 ||    35
Evoke: Wand              |       |       |     2 |     3 ||     5
  Use: Potion            |       |     1 |     1 |     1 ||     3
       Scroll            |       |       |    17 |     5 ||    22
 Stab: Sleeping          |     1 |    17 |    17 |    29 ||    64
       Distracted        |       |       |     1 |     2 ||     3
  Eat: Chunk             |     2 |     6 |     4 |    20 ||    32
       Ration            |       |     2 |     2 |     1 ||     5
Armor: Skin              |    34 |    89 |    25 |   120 ||   268
Dodge: Dodged            |    52 |   205 |   130 |   362 ||   749
Block: Other             |     3 |    17 |    13 |    14 ||    47
       Reflection        |       |     2 |       |       ||     2

Table legend:
 A = Non-vault XP
 B = Vault XP
 C = Vault XP percentage of total XP
 D = Non-vault monster count
 E = Vault monster count
 F = Vault count percentage of total count
                 A         B        C        D         E       F
            +---------+---------+-------+---------+---------+-------
      Total |   13984 |    2843 |  16.9 |     254 |      25 |   9.0
            +---------+---------+-------+---------+---------+-------
        D:1 |      15 |       6 |  28.6 |       7 |       3 |  30.0
        D:2 |      92 |      41 |  30.8 |      22 |       1 |   4.3
        D:3 |     102 |      12 |  10.5 |      24 |       7 |  22.6
        D:4 |      96 |      70 |  42.2 |      14 |       4 |  22.2
        D:5 |     191 |     751 |  79.7 |      13 |       1 |   7.1
        D:6 |     306 |     441 |  59.0 |      10 |       2 |  16.7
        D:7 |    1715 |     663 |  27.9 |      19 |       1 |   5.0
        D:8 |    2029 |     286 |  12.4 |      30 |       1 |   3.2
        D:9 |     906 |     293 |  24.4 |      21 |       1 |   4.5
       D:10 |    3238 |       0 |   0.0 |      39 |       0 |   0.0
       D:11 |    3424 |       0 |   0.0 |      27 |       0 |   0.0
       D:12 |    1870 |     280 |  13.0 |      28 |       4 |  12.5
            +---------+---------+-------+---------+---------+-------
